 Dungeon Crawl Stone Soup version 0.26-a0-668-gd58323b419 (webtiles) character file.

Game seed: 17631093727957129562

93 somkeydreadnuts the Digger (level 4, -4/24 HPs)
             Began as a Gargoyle Earth Elementalist on Oct 19, 2020.
             Killed by divine providence
             ... invoked by an orc priest
              (12 damage)
             ... on level 3 of the Dungeon.
             The game lasted 00:07:11 (1591 turns).

somkeydreadnuts the Digger (GrEE)                   Turns: 1591, Time: 00:07:12

Health: -4/24      AC:  5    Str: 12    XL:     4   Next: 62%
Magic:  1/8        EV: 26    Int: 16    God:
Gold:   76         SH:  5    Dex: 10    Spells: 8/9 levels left

rFire    . . .     SeeInvis .   p - +2 dagger (drain)
rCold    . . .     Faith    .   g - +2 buckler
rNeg     + . .     Spirit   .   c - +0 robe
rPois    ∞         Reflect  .   (no helmet)
rElec    +         Harm     .   (no cloak)
rCorr    .         Rampage  .   (no gloves)
MR       .....                  (no boots)
Stlth    +++.......             q - amulet of the acrobat
HPRegen  0.08/turn              f - ring of stealth
MPRegen  0.11/turn              (no ring)

@: acrobat, slowed, very slow
A: negative energy resistance 1, electricity resistance, unbreathing,
petrification resistance, rot immunity, AC +3
a: no special abilities


You were on level 3 of the Dungeon.
You visited 1 branch of the dungeon, and saw 3 of its levels.

You collected 76 gold pieces.

Inventory:

Hand Weapons
 p - a +2 dagger of draining (weapon)
Missiles
 b - 72 stones (quivered)
Armour
 c - a +0 robe (worn)
 g - a +2 buckler (worn)
Jewellery
 f - a ring of stealth (left hand)
 q - an amulet of the acrobat (around neck)
Scrolls
 a - a scroll of enchant armour {unknown}
 d - 2 scrolls of amnesia {unknown}
 h - a scroll of magic mapping {unknown}
 k - a scroll of remove curse {unknown}
 l - 3 scrolls of identify {unknown}
 m - a scroll of immolation {unknown}
 o - a scroll of teleportation {unknown}
Potions
 e - 2 potions of curing {unknown}
 i - a potion of stabbing {unknown}
 j - a potion of heal wounds {unknown}
 n - 2 potions of flight {unknown}
 r - a potion of invisibility {unknown}


   Skills:
 - Level 0.2 Short Blades
 - Level 1.7 Dodging
 - Level 2.3 Stealth
 + Level 3.0 Spellcasting
   Level 0.7 Transmutations
 + Level 5.1 Earth Magic


You had 8 spell levels left.
You knew the following spells:

 Your Spells              Type           Power        Failure   Level
a - Sandblast             Erth           ###...       3%          1

Your spell library contained the following spells:

 Spells                   Type           Power        Failure   Level
 Passwall                 Tmut/Erth      ##......     14%         2
 Stone Arrow              Conj/Erth      ##....       32%         3
 Petrify                  Tmut/Erth      ##......     67%         4
 Lee's Rapid Deconstruct  Erth           ###.......   71%         5


Dungeon Overview and Level Annotations

Branches:
Dungeon (2/15)

Altars:

Portals:
Sewer: D:3


Innate Abilities, Weirdness & Mutations

You are resistant to torment.
Your stone body is resilient. (AC +3)
You are immune to poison.
You resist negative energy. (rN+)
You are resistant to electric shocks. (rElec)
You can survive without breathing.
You are immune to petrification.
You are immune to rotting.


Message History

The orc wizard mumbles some strange words.
The orc wizard blinks!
The orc misses you.
Casting: Sandblast (safe; 3% risk of failure)
Confirm with . or Enter, or press ? or * to list all spells.
Aiming: Sandblast (safe; 3% risk of failure)
Press: ? - help, Shift-Dir - straight line, f/p - orc wizard
Aim: an orc wizard, wielding a +2 dagger of protection and wearing a +0 robe (heavily wounded)
Okay, then.
The kobold shouts!
You hit the orc wizard. You drain the orc wizard.
The orc wizard is severely wounded.
The orc wizard barely misses you. You block the rat's attack.
You block the orc's attack.
The orc priest hits you from afar with a +0 trident.
The orc wizard hits you but does no damage.
The orc hits you but does no damage. The orc wizard completely misses you.
The orc priest mumbles some strange prayers to Beogh against you.
Beogh smites you!
Ouch! That really hurt!
You die...

≈≈≈≈≈≈≈# .<.(
.≈≈≈≈≈.. ...
.#≈.≈#r.#.##
.......#...##
..........#.## #.#
#######.o[...# #.#
#####ro##..##.# #.#
#.†..ro.......# #>#
##.#..@..........
#.#
##....##.###.#####
######.###.....##.#
.#
.......##.......#.#
#
######.............
#####...........###
)...).#........##
##..#....#....##
##..##..........


You could see an orc priest, an orc wizard (drained), an orc and 3 rats.

Vanquished Creatures
  A gnoll (D:1)
  2 adders (D:2)
  3 worms
  3 dart slugs
  3 leopard geckos (D:2)
  2 orcs (D:3)
  2 bats
  4 giant cockroaches
  5 goblins
  4 hobgoblins
  9 kobolds
  6 frilled lizards
  3 rats
47 creatures vanquished.

Notes
Turn   | Place    | Note
-------+----------+-------------------------------------------
     0 | D:1      | somkeydreadnuts the Gargoyle Earth Elementalist began the
                  | quest for the Orb.
     0 | D:1      | Reached XP level 1. HP: 10/10 MP: 3/3
   155 | D:1      | Reached skill level 4 in Earth Magic
   166 | D:1      | Reached XP level 2. HP: 14/15 MP: 0/5
   273 | D:1      | Reached XP level 3. HP: 13/19 MP: 1/6
  1071 | D:2      | Reached XP level 4. HP: 24/24 MP: 6/8
  1316 | D:2      | Reached skill level 5 in Earth Magic
  1317 | D:2      | You fall into a shaft and drop 1 floor!
  1551 | D:3      | Found a glowing drain.
  1591 | D:3      | Killed from afar by an orc priest

Illustrated notes

Levels and vault maps discovered:
D:1:      evilmike_arrival_crescent, layout_basic
D:2:      layout_basic, minmay_tripent
D:3:      layout_loops_ring, cheibrodos_sewer_entry_drain,
          lightli_corner_chamber, uniq_ijyb

Skill      XL: |  1  2  3  4 |
---------------+-------------+-----
Earth Magic    | 4 5 |  5.1
Spellcasting   | 3 |  3.0
Short Blades   | |  0.2
Dodging        | |  1.7
Stealth        | |  2.3
Transmutations | |  0.7

Action                   |  1- 3 |  4- 6 || total
-------------------------+-------+-------++-------
Melee: Unarmed           |    24 |       ||    24
       Short sword       |    16 |       ||    16
       Dagger            |       |     4 ||     4
 Cast: Sandblast         |    33 |    35 ||    68
Armor: Robe              |    14 |     2 ||    16
Dodge: Dodged            |    31 |     8 ||    39
Block: Buckler           |     3 |     6 ||     9

Table legend: (Time is in decaauts)
 A = Elapsed time spent in this place.
 B = Non-inter-level travel time spent in this place.
 C = Inter-level travel time spent in this place.
 D = Time resting spent in this place.
 E = Time spent auto-exploring this place.
 F = Levels seen in this place.
 G = Mean time per level.
                   A        B        C        D        E       F      G
               +--------+--------+--------+--------+--------+-----+--------+
         Total |   1593 |   1593 |      0 |      0 |   1088 |   3 |  531.0 |
       Dungeon |   1593 |   1593 |      0 |      0 |   1088 |   3 |  531.0 |
               +--------+--------+--------+--------+--------+-----+--------+

Top non-repeatable levels by time:
     D:1: 884 daAuts
     D:2: 433 daAuts
     D:3: 275 daAuts
